 Dungeon Crawl Stone Soup version 0.22.0-38-g04b72b8 (webtiles) character file.

3760 Lew the Covert (level 10, 0/66 HPs)
             Began as an Octopode Fighter on Aug 30, 2018.
             Was a Priest of Okawaru.
             Slain by a two-headed ogre
             ... wielding a cursed -3 giant spiked club
              (11 damage)
             ... on level 7 of the Dungeon.
             The game lasted 00:18:59 (7829 turns).

Lew the Covert (Octopode Fighter)                   Turns: 7829, Time: 00:19:00

Health: 0/66       AC:  2    Str: 20    XL:     10   Next: 15%
Magic:  10/10      EV: 18    Int: 11    God:    Okawaru [***...]
Gold:   413        SH:  7    Dex: 15    Spells: 9/9 levels left

rFire    . . .     SeeInvis .   k - +3 rapier
rCold    . . .     Gourm    .   o - +2 buckler {rPois}
rNeg     . . .     Faith    +   (helmet restricted)
rPois    +         Spirit   .   h - amulet of faith
rElec    .         Reflect  .   b - ring of stealth
rCorr    .         Harm     .   (no ring)
MR       .....     Clarity  +   (no ring)
Stlth    +++++++...             (no ring)
HPRegen  0.21/turn              (no ring)
MPRegen  0.12/turn              (no ring)
                                (no ring)
                                (no ring)

@: mighty, drained
A: almost no armour, stealthy swim, amphibious, 8 rings, constrict 8, tentacle
spike 1, camouflage 1, clarity, shaggy fur 1, gelatinous body 1
a: Heroism, Renounce Religion


You were on level 7 of the Dungeon.
You worshipped Okawaru.
Okawaru was most pleased with you.
You were not hungry.

You visited 2 branches of the dungeon, and saw 9 of its levels.
You also visited: Sewer.

You collected 413 gold pieces.

Inventory:

Hand Weapons
 k - a +3 rapier (weapon)
 s - a +1 falchion of protection
 u - a +2 short sword of freezing
Armour
 o - a +2 buckler of poison resistance (worn)
Jewellery
 b - a ring of stealth (left tentacle)
 h - an amulet of faith (around mantle)
 y - an uncursed ring of stealth
 A - an uncursed amulet of guardian spirit {unknown}
Wands
 r - a wand of paralysis (12)
 v - a wand of disintegration (5)
 x - a wand of iceblast (2)
 z - a wand of digging (15)
Scrolls
 a - a scroll of blinking
 e - 6 scrolls of remove curse
 i - 4 scrolls of teleportation
 n - 2 scrolls of magic mapping
 p - 2 scrolls of fog
 t - a scroll of identify
Potions
 c - 3 potions of might
 f - a potion of resistance
 g - 4 potions of flight
 j - 4 potions of magic
 l - 3 potions of curing
 m - 2 potions of brilliance
 q - a potion of mutation
Comestibles
 d - 10 rations


   Skills:
 + Level 5.0(4.9) Fighting
 + Level 6.8(6.7) Short Blades
 + Level 7.1 Dodging
 * Level 12.7(12.6) Stealth
 + Level 5.0 Shields


You had 9 spell levels left.
You didn't know any spells.
Your spell library was empty.

Dungeon Overview and Level Annotations

Branches:
Dungeon (8/15)             Temple (1/1) D:5
   Lair: D:8-11

Altars:
Ashenzari
Cheibriados
Dithmenos
Elyvilon
Fedhas
Gozag
Hepliaklqana
Kikubaaqudgha
Makhleb
Nemelex Xobeh
Okawaru
Ru
Sif Muna
Trog
Uskayaw
Vehumet
Wu Jian
Xom
Yredelemnul
Zin
The Shining One
Beogh

Shops:
D:5 }   D:6 %

Annotations:
D:3 3 runed doors, Verendum's ghost, amateur MfAK


Innate Abilities, Weirdness & Mutations

You cannot wear most types of armour.
You are very stealthy in the water. (Stealth+)
You are amphibious.
You can wear up to eight rings at the same time.
You can use your tentacles to constrict eight enemies at once.
Your skin changes colour to match your surroundings (Stealth+).
Your rubbery body absorbs attacks. (AC +1, EV +1)
One of your tentacles bears a spike.
You possess an exceptional clarity of mind.
You are covered in fur. (AC +1)


Message History

You feel better.
There is an open door here.
You block the two-headed ogre's attack.
The two-headed ogre hits you with a giant club!
You feel very mighty all of a sudden.
You barely miss the two-headed ogre.
The two-headed ogre hits you with a giant spiked club!!
The two-headed ogre misses you. You block the ogre's attack.
You hit the two-headed ogre.
The two-headed ogre is lightly wounded.
The two-headed ogre misses you.
The two-headed ogre hits you with a giant club!
* * * LOW HITPOINT WARNING * * *
You impale the two-headed ogre!!
You pierce the two-headed ogre!
The two-headed ogre is severely wounded.
You block the ogre's attack.
You puncture the two-headed ogre! You squeeze the two-headed ogre.
The two-headed ogre is almost dead.
The two-headed ogre hits you with a giant spiked club!
You die...

#.......#.#.# #......#..'.......
............# #......####.......
...####.#...# #......#..........
...# ##'##..# #......#..........
...# #.....># #......#..........
#### #....#.# #......#..........
######....#.# #......#..........
....##....#'####......#..........
....##.........O@.....###...###..
....##.........O......# #...# ###
######...........###### #...#
######...........# #...#
.......###.......# #...#
.......###.......########..)#####
.................#...............
.####......#######...............
.# #......# #...............


You could see a two-headed ogre and an ogre.

Vanquished Creatures
  Prince Ribbit (D:5)
  Grinder (D:4)
  2 hippogriffs (D:7)
  An orc warrior (D:7)
  2 sky beasts
  3 ice beasts
  A phantom (D:6)
  2 centaurs (D:5)
  2 ogres
  3 big kobolds (Sewer)
  4 bullfrogs
  A wyvern zombie (D:6)
  A wyvern skeleton (D:7)
  A scorpion (D:4)
  10 wights (D:7)
  3 killer bees (D:7)
  A crimson imp (D:6)
  A quasit (D:6)
  4 bullfrog skeletons
  A hound (D:4)
  A centaur skeleton (D:3)
  Crazy Yiuf (D:4)
  2 orc priests
  A gnoll shaman (D:4)
  3 worker ants
  Natasha (thrice) (D:4)
  An orc wizard (D:5)
  2 worker ant zombies
  2 howler monkey zombies
  8 gnolls (D:4)
  11 adders
  2 river rats (Sewer)
  7 oozes
  2 worms
  A dart slug (D:5)
  3 leopard geckos
  10 orcs
  A ball python (Sewer)
  6 giant cockroaches
  5 goblins
  7 hobgoblins
  12 jackals
  11 kobolds
  4 quokkas
  2 bats
  8 frilled lizards
  A leopard gecko skeleton (D:5)
  11 rats
173 creatures vanquished.

Vanquished Creatures (others)
  5 fungi
5 creatures vanquished.

Grand Total: 178 creatures vanquished

Notes
Turn   | Place    | Note
-------+----------+-------------------------------------------
     0 | D:1      | Lew the Octopode Fighter began the quest for the Orb.
     0 | D:1      | Reached XP level 1. HP: 16/16 MP: 1/1
    33 | D:1      | Reached skill level 1 in Stealth
    62 | D:1      | Reached XP level 2. HP: 9/21 MP: 2/2
   269 | D:1      | Reached skill level 2 in Stealth
   383 | D:1      | Reached XP level 3. HP: 22/26 MP: 3/3
   704 | D:1      | Reached skill level 3 in Stealth
  1193 | D:2      | Found a snail-covered altar of Cheibriados.
  1261 | D:2      | Found a burning altar of Makhleb.
  1305 | D:2      | Gained mutation: One of your tentacles bears a spike. [potion of mutation]
  1305 | D:2      | Gained mutation: You possess an exceptional clarity of mind. [potion of mutation]
  1305 | D:2      | Gained mutation: You are covered in fur. (AC +1) [potion of mutation]
  1408 | D:2      | Found a basalt altar of Yredelemnul.
  1649 | D:3      | Reached XP level 4. HP: 31/31 MP: 4/4
  1746 | D:3      | Reached skill level 4 in Stealth
  1874 | D:3      | Reached XP level 5. HP: 33/36 MP: 5/5
  2127 | D:3      | Found a runed gate.
  2128 | D:3      | Found a runed gate.
  2129 | D:3      | Found a runed gate.
  2130 | D:3      | Noticed Verendum's ghost (amateur MfAK)
  2218 | D:3      | Reached skill level 5 in Stealth
  2334 | D:3      | Found a roughly hewn altar of Beogh.
  2357 | D:4      | Noticed Natasha
  2361 | D:4      | Killed Natasha
  2380 | D:4      | Noticed Natasha
  2385 | D:4      | Killed Natasha
  2489 | D:4      | Reached XP level 6. HP: 36/42 MP: 6/6
  2537 | D:4      | Noticed Grinder
  2555 | D:4      | Killed Grinder
  2555 | D:4      | Reached skill level 7 in Stealth
  2555 | D:4      | Reached XP level 7. HP: 46/46 MP: 7/7
  2573 | D:4      | Found a glowing drain.
  2587 | Sewer    | Entered a sewer
  2796 | Sewer    | Reached skill level 5 in Dodging
  2796 | Sewer    | Reached skill level 8 in Stealth
  2834 | D:4      | Noticed Natasha
  2855 | D:4      | Killed Natasha
  2867 | D:4      | Reached XP level 8. HP: 27/52 MP: 8/8
  3162 | D:4      | Reached skill level 9 in Stealth
  3262 | D:4      | Found a blossoming altar of Fedhas.
  3345 | D:4      | Found a runed door.
  3375 | D:4      | Reached skill level 5 in Short Blades
  3429 | D:4      | Noticed Crazy Yiuf
  3436 | D:4      | Killed Crazy Yiuf
  3629 | D:5      | Entered Level 5 of the Dungeon
  4105 | D:5      | Reached skill level 10 in Stealth
  4248 | D:5      | Found a bloodstained altar of Trog.
  4398 | D:5      | Found Suyrghasi's Gadget Boutique.
  4433 | D:5      | Found a white marble altar of Elyvilon.
  4863 | D:5      | Found a staircase to the Ecumenical Temple.
  4891 | D:5      | Noticed Prince Ribbit
  4905 | Temple   | Entered the Ecumenical Temple
  5075 | D:5      | Found a sacrificial altar of Ru.
  5078 | D:5      | Found an iron altar of Okawaru.
  5083 | D:5      | Became a worshipper of Warmaster Okawaru
  5087 | D:5      | Found an opulent altar of Gozag.
  5204 | D:5      | Killed Prince Ribbit
  5204 | D:5      | Reached XP level 9. HP: 57/57 MP: 9/9
  5330 | D:6      | Found Ezafijom's Food Shop.
  5331 | D:6      | Reached * piety under Okawaru
  5372 | D:6      | Reached skill level 11 in Stealth
  6596 | D:7      | Reached ** piety under Okawaru
  6626 | D:7      | Reached skill level 12 in Stealth
  7087 | D:7      | Found a hazy altar of Hepliaklqana.
  7088 | D:7      | Found a shimmering altar of Xom.
  7088 | D:7      | Noticed a tentacled monstrosity
  7089 | D:7      | Noticed a spectral ugly thing
  7089 | D:7      | Noticed a tentacled monstrosity
  7319 | D:7      | Reached XP level 10. HP: 64/65 MP: 10/10
  7563 | D:7      | Reached skill level 5 in Shields
  7568 | D:7      | Reached skill level 5 in Fighting
  7576 | D:7      | Reached *** piety under Okawaru
  7689 | D:8      | Noticed a two-headed ogre
  7829 | D:7      | Slain by a two-headed ogre

Skill      XL: |  1  2  3  4  5  6  7  8  9 10 |
---------------+-------------------------------+-----
Stealth        | 1 2 3 4 5 7 8 10 12 | 12.7
Short Blades   | 3 4 5 6 |  6.8
Dodging        | 4 5 6 7 |  7.1
Fighting       | 4 5 |  5.0
Shields        | 4 5 |  5.0

Action                   |  1- 3 |  4- 6 |  7- 9 | 10-12 || total
-------------------------+-------+-------+-------+-------++-------
Melee: Rapier            |    69 |    83 |   194 |    47 ||   393
       Constrict         |    17 |    21 |    45 |     6 ||    89
       Tentacles         |     5 |    16 |    64 |     9 ||    94
       Kick              |     2 |    20 |   103 |    13 ||   138
       Falchion          |       |       |    74 |       ||    74
  Use: Potion            |     4 |     2 |     3 |     6 ||    15
       Scroll            |     2 |     5 |    15 |       ||    22
 Stab: Sleeping          |    12 |     9 |    28 |     3 ||    52
  Eat: Chunk             |     2 |     2 |     8 |       ||    12
       Ration            |       |       |     2 |     1 ||     3
Armor: Skin              |    10 |     4 |    14 |       ||    28
Dodge: Dodged            |    24 |    34 |   125 |    54 ||   237
Block: Shield            |    26 |    14 |       |       ||    40
       Buckler           |       |    17 |    77 |    13 ||   107
       Rpst.: Falchion   |       |       |    13 |       ||    13
